 Dungeon Crawl Stone Soup version 0.31.0-12-g77e489cdc1 (webtiles) character file.

Game seed: 7008173261522320793

291 ChrisAssaf the Ruffian (level 6, -1/29 HPs)
             Began as a Human Shapeshifter on Mar 5, 2024.
             Slain by an adder (4 damage)
             ... on level 5 of the Dungeon.
             The game lasted 00:06:50 (1625 turns).

ChrisAssaf the Ruffian (Human Shapeshifter)         Turns: 1625, Time: 00:06:50

Health: -1/29      AC:  0    Str: 17    XL:     6   Next: 32%
Magic:  6/6        EV: 16    Int: 10    God:
Gold:   136        SH:  0    Dex: 12    Spells: 5/5 levels left

rFire   . .          .
                       - Unarmed
rCold   + . .        (shield currently unavailable)
rNeg    . . .        a - melded +0 animal skin
rPois   .            (no helmet)
rElec   .            (no cloak)
rCorr   .            (no gloves)
SInv    +            (no boots)
Will    .....        (no amulet)
Stlth   +            i - ring of see invisible
HPRegen 0.24/turn    g - ring of protection from cold
MPRegen 0.10/turn

%: no passive effects
@: flux-form, glowing
A: glow, contaminating, reduced hp, explore regen, deterioration 1, wild magic 1
a: Begin Untransformation


You were on level 5 of the Dungeon.
You were something dangerously unstable.
You visited 1 branch of the dungeon, and saw 5 of its levels.

You collected 136 gold pieces.

Inventory:

Armour
 a - a +0 animal skin (melded)
Jewellery
 g - a ring of protection from cold (right hand)
 i - a ring of see invisible (left hand)
Talismans
 c - a beast talisman
 d - a flux talisman (active)
Scrolls
 e - a scroll of poison
 f - 3 scrolls of identify
Potions
 h - 2 potions of brilliance
 k - a potion of enlightenment
Miscellaneous
 b - a phial of floods


   Skills:
 * Level 2.0 Fighting
 * Level 1.7 Armour
 * Level 3.0 Dodging
 * Level 1.7 Stealth
 * Level 4.7 Unarmed Combat
 * Level 1.0 Evocations
 * Level 3.7 Shapeshifting


You had 5 spell levels left.
You didn't know any spells.
Your spell library was empty.

Dungeon Overview and Level Annotations

Branches:
Dungeon (5/15)
 Temple: D:4-7

Altars:
Sif Muna
Trog
The Shining One


Innate Abilities, Weirdness & Mutations

You are something dangerously unstable.
You glow with magical radiation, making you easy to see and hit.
Foes you strike become dangerously contaminated with magical radiation.
Your maximum health is decreased, since you lack skill for your form.
You are incapable of wielding weapons or throwing items.
You regain HP and MP as you explore.
Your body sometimes deteriorates upon taking damage.
Your spells are a little harder to cast, but a little more powerful.


Message History

The scorpion poisons you!
You hit the scorpion but do no damage.
The scorpion shudders as magic cascades through it!
You kill the scorpion!
You feel very sick.
You feel your strength returning.
You have reached level 6!
Okay, then.
You feel sick.
You see here a green potion.
You feel sick.
An adder comes into view.
You feel sick.
You feel sick. The bombardier beetle misses you.
You barely miss the bombardier beetle.
You feel sick.
You hit the bombardier beetle.
The bombardier beetle begins to glow.
The bombardier beetle is lightly wounded.
You feel sick.
The bombardier beetle completely misses you.
You hit the bombardier beetle but do no damage.
The bombardier beetle glows dangerously bright.
The bombardier beetle is lightly wounded.
You feel sick.
You hit the bombardier beetle.
The bombardier beetle shudders as magic cascades through it!!
You kill the bombardier beetle!
You feel sick.
You are no longer poisoned.
Your Fighting skill increases to level 2!
Your Dodging skill increases to level 3!
Your Evocations skill increases to level 1!
You hit the adder.
The adder begins to glow.
The adder is moderately wounded.
The adder misses you.
You hit the adder.
The adder glows dangerously bright.
The adder is heavily wounded.
The adder bites you.
* * * LOW HITPOINT WARNING * * *
The adder bites you.
You die...

,>,*,>,**,#.....###............##
,,,*,,,*,*#...............###....
*******+,**#..##.........##*###..
,*******,*##..#..........#,****..
,,,,,**,,,#.(..............,,,,.#
,,,,,,*.###................#*,,*$
,,**,,,...........#........#*,,,.
,,**,,,.......!...........##*,,,*
****,,,..##.....pS.........,,,,,*
,***,,,......._.†.......##***,,*,
,*,*,,,................##* **,*,
,,,,,,,.........8.._....,*****,,,
,,*,***.................,,**,,,,,
,,*****................#*,,,,,*,,
,,,,**,........._.......,,,,,,**,
,,,,,,,.................,,,,,***,
,,,,,,**,,,,,,,,,***,***,,,,,**,,


You could see an adder (heavy contam).

Vanquished Creatures
  2 scorpions
  A bombardier beetle (D:5)
  A hound (D:5)
  An iguana (D:3)
  4 adders
  3 ribbon worms
  A dart slug (D:3)
  2 ball pythons (D:3)
  6 endoplasms
  2 giant cockroaches
  6 goblins
  2 hobgoblins
  3 kobolds
  A quokka (D:3)
  3 bats
  5 rats
43 creatures vanquished.

Notes
Turn   | Place    | Note
-------+----------+-------------------------------------------
     0 | D:1      | ChrisAssaf the Human Shapeshifter began the quest for the
                  | Orb.
     0 | D:1      | Reached XP level 1. HP: 15/15 MP: 1/1
   235 | D:1      | Reached XP level 2. HP: 11/21 MP: 2/2
   565 | D:2      | Reached XP level 3. HP: 11/26 MP: 3/3
   922 | D:3      | Reached skill level 1 in Armour
   922 | D:3      | Reached skill level 1 in Stealth
   922 | D:3      | Reached XP level 4. HP: 18/32 MP: 4/4
   950 | D:3      | Reached skill level 4 in Unarmed Combat
  1148 | D:4      | Noticed an ogre
  1387 | D:4      | Gained mutation: Your spells are a little harder to cast,
                  | but a little more powerful. [potion of mutation]
  1387 | D:4      | Gained mutation: Your body sometimes deteriorates upon
                  | taking damage. [potion of mutation]
  1415 | D:4      | Noticed a scorpion
  1426 | D:4      | Killed a scorpion
  1427 | D:4      | Reached XP level 5. HP: 10/38 MP: 5/5
  1540 | D:5      | Entered Level 5 of the Dungeon
  1601 | D:5      | Found a glowing golden altar of the Shining One.
  1605 | D:5      | Found a bloodstained altar of Trog.
  1610 | D:5      | Found a shimmering blue altar of Sif Muna.
  1616 | D:5      | Reached XP level 6. HP: 12/44 MP: 6/6
  1624 | D:5      | Reached skill level 1 in Evocations
  1625 | D:5      | Slain by an adder

Illustrated notes

Levels and vault maps discovered:
D:1:      eino_arrival_cavern_e, layout_loops_cross, minmay_box_of_dots
D:2:      layout_basic, chequers_ecumenical_altar_twisty, feat_on_display
D:3:      minmay_octagon_keep, layout_rooms, nicolae_dithmenos_the_darkroom,
          zin_scriptorium, guppyfry_early_orc_mine, uniq_ijyb,
          uniq_crazy_yiuf_cottage
D:4:      layout_basic
D:5:      layout_cave_pools, mainiacjoe_overflow_24_doors,
          grunt_temple_overflow_open, nicolae_ossuary_entry_false_entrances

Skill      XL: |  1  2  3  4  5  6 |
---------------+-------------------+-----
Armour         | 1 |  1.7
Stealth        | 1 |  1.7
Unarmed Combat | 4 |  4.7
Fighting       | 2 |  2.0
Dodging        | 3 |  3.0
Evocations     | 1 |  1.0
Shapeshifting  | |  3.7

Action                     |  1- 3 |  4- 6 || total
---------------------------+-------+-------++-------
  Melee: Unarmed           |   104 |    60 ||   164
    Use: Scroll            |     5 |     6 ||    11
         Potion            |     2 |     2 ||     4
 Armour: Skin              |    36 |    35 ||    71
  Dodge: Dodged            |    82 |    35 ||   117
   Form: Flux              |     1 |       ||     1
